[Event "Titled Tuesday Blitz May 30 Early 2023"]
[White "Kushko, Dmitriy"]
[Black "Garv Gaur"]
[WhiteFideId "14162261"]
[BlackFideId "45030839"]
[WhiteElo "2230"]
[BlackElo "2068"]
[Result "0-1"]
[Round "05"]
[TimeControl "180+2"]
[Date "2023.05.30"]
[WhiteClock "0:00:03"]
[BlackClock "0:00:48"]

1. Nf3 Nf6 2. g3 d5 3. Bg2 c6 4. O-O Bg4 5. h3 Bh5 6. d4 e6 7. c4 Nbd7 8. cxd5 exd5 9. Qb3 Qb6 10. Qe3+ Be7 11. Nh4 Bg6 12. Nc3 Qd8 13. Nxg6 hxg6 14. b4 O-O 15. b5 Re8 16. Qd3 Bb4 17. bxc6 bxc6 18. Bd2 Nb6 19. a3 Ba5 20. Rfc1 Nc4 21. Be1 Rb8 22. Qd1 Rb2 23. e3 Rxe3 24. fxe3 Rxg2+ 25. Kxg2 Nxe3+ 26. Kh2 Nxd1 27. Rxd1 Bxc3 28. Bxc3 Ne4 29. Be1 Qf6 30. Kg2 Ng5 31. Rd3 Qf5 32. Rad1 Qe4+ 33. Kf1 Qh1+ 34. Ke2 Qg2+ 35. Ke3 Nxh3 36. Rc1 Ng1 37. Kf4 0-1


[Site "https://www.chess.com"]

[Event "Titled Tuesday Blitz May 30 Early 2023"]
[White "Roberson, Peter T"]
[Black "Sieciechowicz, Marcin"]
[WhiteFideId "412384"]
[BlackFideId "1130170"]
[WhiteElo "2346"]
[BlackElo "2302"]
[Result "0-1"]
[Round "05"]
[TimeControl "180+2"]
[Date "2023.05.30"]
[WhiteClock "0:00:00"]
[BlackClock "0:00:16"]

1. e4 e6 2. d4 d5 3. e5 c5 4. c3 Qb6 5. Nf3 Nc6 6. Bd3 cxd4 7. O-O Bd7 8. Re1 Nge7 9. h4 Rc8 10. Nbd2 dxc3 11. bxc3 Na5 12. Rb1 Qc7 13. Ba3 Nec6 14. Bxf8 Kxf8 15. c4 dxc4 16. Bxc4 Ne7 17. Bd3 Bc6 18. Ne4 Bxe4 19. Bxe4 Nec6 20. Qd3 h6 21. Qc3 Ne7 22. Qe3 Nec6 23. Rec1 Qe7 24. Rc5 Rd8 25. Rbc1 g6 26. Qc3 Qc7 27. h5 g5 28. Nh2 Kg7 29. Ng4 Rd7 30. Qf3 Qd8 31. Nf6 Rd4 32. Qe3 Rd1+ 33. Kh2 Rxc1 34. Rxc1 Qd4 35. Qxd4 Nxd4 36. Rc7 Rb8 37. Nd7 Rd8 38. Bxb7 Nxb7 39. Rxb7 Nc6 40. g3 Ne7 41. f4 gxf4 42. gxf4 Nd5 43. Rxa7 Rc8 44. Nf6 Rc2+ 45. Kg3 Nxf6 46. exf6+ Kxf6 47. a4 Rc5 48. Kg4 Rc4 49. a5 e5 50. Ra6+ Kg7 51. Kf5 exf4 52. Kg4 f3+ 53. Kxf3 Rh4 54. Rc6 Rxh5 55. a6 Ra5 56. Kg4 f6 57. Rb6 Kg6 58. Rc6 Ra4+ 59. Kg3 Kg5 60. Rb6 f5 61. Kf3 h5 62. Kg2 h4 0-1


[Site "https://www.chess.com"]

[Event "Titled Tuesday Blitz May 30 Early 2023"]
[White "Seo, Jung Min"]
[Black "Belov, Alexei"]
[WhiteFideId "1734687"]
[BlackFideId "4128206"]
[WhiteElo "2468"]
[BlackElo "2559"]
[Result "1-0"]
[Round "05"]
[TimeControl "180+2"]
[Date "2023.05.30"]
[WhiteClock "0:00:03"]
[BlackClock "0:00:00"]

1. e4 e6 2. d4 d5 3. Nc3 Nf6 4. e5 Ne4 5. Nxe4 dxe4 6. c3 c5 7. Be3 cxd4 8. Bxd4 Nc6 9. Bb5 Bd7 10. Bxc6 Bxc6 11. Qg4 Qa5 12. Ne2 O-O-O 13. O-O Kb8 14. Ng3 h5 15. Nxh5 Bc5 16. b4 Bxb4 17. cxb4 Qxb4 18. Be3 g6 19. Nf6 Ka8 20. a3 Qc3 21. Nxe4 Qxe5 22. Ng3 f5 23. Qg5 Rd3 24. Rfe1 Qd6 25. Qf6 Rf8 26. Qxg6 f4 27. Bc5 Qd5 28. Ne4 Rd8 29. f3 e5 30. Bf2 Rg8 31. Qh5 Qb3 32. Kh1 Qc2 33. Rac1 Qb2 34. Rb1 Qc2 35. Rec1 Qe2 36. Qf7 Rdd8 37. Qc4 1-0


[Site "https://www.chess.com"]

[Event "Titled Tuesday Blitz May 30 Early 2023"]
[White "Lymar, Vladislav"]
[Black "Jaracz, Pawel"]
[WhiteFideId "14162180"]
[BlackFideId "1102222"]
[WhiteElo "2234"]
[BlackElo "2438"]
[Result "0-1"]
[Round "05"]
[TimeControl "180+2"]
[Date "2023.05.30"]
[WhiteClock "0:00:00"]
[BlackClock "0:00:32"]

1. e4 e5 2. Nf3 Nc6 3. Nc3 Nf6 4. a3 d6 5. d4 Bd7 6. d5 Ne7 7. Bc4 Ng6 8. h4 Bg4 9. Bb5+ Bd7 10. h5 Ne7 11. Be2 h6 12. Nh4 c6 13. Be3 cxd5 14. exd5 Rc8 15. O-O Rxc3 16. bxc3 Nexd5 17. Qd2 Be7 18. c4 Nxe3 19. Qxe3 O-O 20. Qxa7 Ng4 21. Nf3 Bc6 22. Rfd1 Qc8 23. Rab1 Qf5 24. Rxb7 Bxb7 25. Qxb7 Qxc2 26. Nd4 exd4 27. Bxg4 Bf6 28. Qd5 Be5 29. Bf3 Rb8 30. a4 Kf8 31. a5 Rb1 32. Qa8+ Ke7 33. Rf1 Rxf1+ 34. Kxf1 Qb1+ 35. Ke2 Qc2+ 36. Ke1 d3 37. Qb7+ Kf6 38. Qe4 Bc3+ 39. Kf1 Qc1+ 0-1


[Site "https://www.chess.com"]

[Event "Titled Tuesday Blitz May 30 Early 2023"]
[White "Halkias, Stelios"]
[Black "Dudzinski, Pawel"]
[WhiteFideId "4201809"]
[BlackFideId "1117890"]
[WhiteElo "2451"]
[BlackElo "2099"]
[Result "1-0"]
[Round "05"]
[TimeControl "180+2"]
[Date "2023.05.30"]
[WhiteClock "0:00:29"]
[BlackClock "0:00:01"]

1. d4 d5 2. c4 c6 3. Nf3 f5 4. g3 e6 5. Bg2 Nf6 6. b3 Be7 7. O-O O-O 8. Ba3 Bd7 9. Bxe7 Qxe7 10. Qc1 Be8 11. Qa3 Qxa3 12. Nxa3 Bh5 13. Nc2 Bxf3 14. exf3 Kf7 15. Rfe1 Na6 16. Bf1 Nc7 17. c5 b6 18. b4 Rfb8 19. Rab1 a5 20. cxb6 Rxb6 21. bxa5 Rxb1 22. Rxb1 Rxa5 23. Rb7 Ne8 24. Nb4 Kf6 25. Nxc6 Rxa2 26. Ne5 Rd2 27. Bd3 g5 28. Kg2 h5 29. h4 gxh4 30. gxh4 Rd1 31. Kh2 Rc1 32. f4 Nd6 33. Rb8 Ne4 34. Rf8+ Ke7 35. Rf7+ Kd8 36. f3 Nf2 37. Be2 Rc2 38. Bf1 Nd3+ 39. Kg3 Nxe5 40. fxe5 Rd2 41. Kf4 Rxd4+ 42. Kg5 Rd1 43. Be2 Re1 44. Bd3 Rxe5 45. f4 Re3 46. Bc2 e5 47. fxe5 Rxe5 48. Bxf5 Ne6+ 49. Kf6 Rxf5+ 50. Kxf5 Nc7 51. Ke5 Kc8 52. Rh7 Kd8 53. Rxh5 Kd7 54. Rh7+ Kc6 55. h5 Nb5 56. h6 Na3 57. Re7 Nc4+ 58. Kd4 Ne5 59. Rxe5 1-0


[Site "https://www.chess.com"]

[Event "Titled Tuesday Blitz May 30 Early 2023"]
[White "Paravyan, David"]
[Black "Novikov, Evgenij"]
[WhiteFideId "4194985"]
[BlackFideId "4125380"]
[WhiteElo "2563"]
[BlackElo "2242"]
[Result "0-1"]
[Round "05"]
[TimeControl "180+2"]
[Date "2023.05.30"]
[WhiteClock "0:00:12"]
[BlackClock "0:00:04"]

1. c4 e6 2. Nc3 d5 3. d4 Nf6 4. cxd5 exd5 5. Bg5 Be7 6. e3 c6 7. Bd3 O-O 8. Nge2 h6 9. Bh4 Re8 10. O-O Ne4 11. Bxe7 Qxe7 12. Qc2 Nxc3 13. bxc3 Nd7 14. Ng3 Nf6 15. Rae1 Ne4 16. c4 Nxg3 17. hxg3 dxc4 18. Bxc4 Be6 19. Bxe6 Qxe6 20. Rb1 Re7 21. Qa4 a6 22. Rb6 Rd8 23. Rfb1 Rdd7 24. Qc2 f5 25. a4 g6 26. a5 Kg7 27. Qc3 Qf6 28. R1b4 Kh7 29. Qb2 Qf7 30. Rb3 h5 31. Kh2 Qg7 32. Qb1 Qf7 33. Rc3 Qg7 34. Rc5 Qf7 35. Qb4 Qg7 36. Qc4 Qf7 37. Qxf7+ Rxf7 38. Rb2 Kg7 39. Kg1 Kf8 40. Rc3 Ke8 41. Kh2 Rd5 42. Rc5 Rxc5 43. dxc5 Rd7 44. Kh3 g5 45. Rb4 Rd1 46. Kh2 Rd7 47. e4 fxe4 48. Rxe4+ Kf7 49. Re5 Rd5 50. Re3 Rxc5 51. Rd3 Rb5 52. Rd7+ Ke6 53. Rh7 g4 54. f4 gxf3 55. gxf3 Kf6 56. f4 Kg6 57. Rc7 c5 58. Kh3 c4 59. Kh4 Rxa5 60. Rxc4 Ra1 61. Kh3 b5 62. Rc6+ Kf5 63. Rc5+ Ke4 64. f5 Rf1 65. Rc6 Rxf5 66. Rxa6 Rc5 67. Rd6 Ke3 68. Kh4 Ke4 69. Rd8 Rd5 70. Rb8 Kd4 71. Rb7 Kc4 72. Rc7+ Rc5 73. Rxc5+ Kxc5 74. Kxh5 b4 75. g4 b3 76. g5 b2 77. g6 b1=Q 78. Kh6 Qb8 79. Kh7 Qh2+ 80. Kg8 Qe5 81. g7 Qd5+ 82. Kh7 Qf5+ 83. Kh8 Qh5+ 84. Kg8 Kd6 85. Kf8 Qf5+ 86. Ke8 Qg6+ 87. Kf8 Qh6 88. Kf7 Qh7 89. Kf8 Qf5+ 90. Ke8 Qd7+ 91. Kf8 Qe7+ 92. Kg8 Ke6 93. Kh7 Qh4+ 94. Kg6 Qg4+ 95. Kh7 Kf7 0-1


[Site "https://www.chess.com"]

[Event "Titled Tuesday Blitz May 30 Early 2023"]
[White "Agibileg, Uurtsaikh"]
[Black "Zhigalko, Sergei"]
[WhiteFideId "4901606"]
[BlackFideId "13502956"]
[WhiteElo "2353"]
[BlackElo "2626"]
[Result "1-0"]
[Round "05"]
[TimeControl "180+2"]
[Date "2023.05.30"]
[WhiteClock "0:00:44"]
[BlackClock "0:00:00"]

1. d4 Nf6 2. c4 e6 3. Nc3 Bb4 4. f3 d5 5. a3 Be7 6. e4 dxe4 7. fxe4 e5 8. d5 O-O 9. Nf3 Bg4 10. Be2 Nbd7 11. O-O a5 12. Be3 Ne8 13. Kh1 Bxf3 14. Rxf3 Bc5 15. Bd2 Nd6 16. Rb1 Bd4 17. Bd3 Nc5 18. Qe2 a4 19. Bc2 Qd7 20. Rg3 f6 21. Bh6 Rf7 22. Rf1 Kh8 23. Bd2 Raf8 24. Qh5 Nxc4 25. Bc1 Nd6 26. Rh3 g6 27. Qxg6 Qxh3 28. Qxf7 Qxg2+ 29. Kxg2 Rxf7 30. Ne2 Ncxe4 31. Nxd4 exd4 32. Rd1 Rg7+ 33. Kf3 Ng5+ 34. Kf2 Nh3+ 35. Kf3 Ng5+ 36. Ke2 Re7+ 37. Kf1 Nf3 38. Kf2 Nxh2 39. Rxd4 f5 40. Kg3 Nf1+ 41. Kf4 Rg7 42. Bxf5 Rf7 43. Ke5 Rxf5+ 44. Ke6 Ng3 45. Bf4 Nh5 46. Be5+ Kg8 47. Rg4+ Kf8 48. Bxd6+ cxd6 49. Kxf5 Kf7 50. Rxa4 Nf6 51. Ra7 Nxd5 52. Rxb7+ Ne7+ 53. Kg5 Ke6 54. a4 Nc6 55. b4 d5 56. a5 Nxa5 57. bxa5 1-0


[Site "https://www.chess.com"]

[Event "Titled Tuesday Blitz May 30 Early 2023"]
[White "Kovalenko, Igor"]
[Black "brm72"]
[WhiteFideId "14117908"]
[WhiteElo "2574"]
[BlackElo "2619"]
[Result "1-0"]
[Round "05"]
[TimeControl "180+2"]
[Date "2023.05.30"]
[WhiteClock "0:01:08"]
[BlackClock "0:00:03"]

1. e4 c5 2. Nf3 d6 3. Nc3 Nf6 4. e5 dxe5 5. Nxe5 Nbd7 6. Nc4 e6 7. g3 Be7 8. Bg2 O-O 9. O-O Rb8 10. a4 Nb6 11. d3 Nbd5 12. a5 b5 13. axb6 axb6 14. Ne4 Bb7 15. Ra7 Ba8 16. Bd2 b5 17. Ba5 Qc8 18. Ncd6 Qc6 19. Rxe7 Qa6 20. Nxf6+ Nxf6 21. Bc7 Bxg2 22. Kxg2 Nd5 23. Rxf7 Nxc7 24. Rxf8+ Rxf8 25. Ne4 Nd5 26. Qe2 Qc6 27. f3 h6 28. Re1 Ra8 29. Qf2 c4 30. dxc4 bxc4 31. Qd4 Kh7 32. Nf2 Rf8 33. Qe4+ Kh8 34. Qxe6 Qb5 35. Re5 Qxb2 36. Qxd5 Qxc2 37. Qe4 Qd2 38. Re8 Rxe8 39. Qxe8+ Kh7 40. Qe4+ Kh8 41. Qxc4 1-0


[Site "https://www.chess.com"]

[Event "Titled Tuesday Blitz May 30 Early 2023"]
[White "Petrosyan, Manuel"]
[Black "Miranda, Rafael"]
[WhiteFideId "13300857"]
[BlackFideId "130990"]
[WhiteElo "2576"]
[BlackElo "2204"]
[Result "0-1"]
[Round "05"]
[TimeControl "180+2"]
[Date "2023.05.30"]
[WhiteClock "0:00:03"]
[BlackClock "0:00:10"]

1. e4 e5 2. Nf3 Nc6 3. Bc4 Bc5 4. d3 Nf6 5. Bg5 h6 6. Bh4 d6 7. Nbd2 a6 8. a4 Ba7 9. c3 g5 10. Bg3 O-O 11. O-O Kg7 12. d4 Re8 13. Re1 Bg4 14. h3 Bh5 15. d5 Ne7 16. Be2 Ng6 17. Nh2 Bxe2 18. Qxe2 Nf4 19. Qf3 h5 20. Ndf1 Qd7 21. Ne3 Kg6 22. b3 c6 23. c4 cxd5 24. exd5 e4 25. Qd1 Nd3 26. h4 Nxe1 27. Qxe1 Ng4 28. Nhxg4 hxg4 29. hxg5 Kxg5 30. Rd1 f5 31. Qd2 Kg6 32. Nc2 e3 33. Nxe3 Bxe3 34. fxe3 Re4 35. Bf4 Rh8 36. Rf1 Qh7 37. Kf2 Qd7 38. a5 Qg7 39. Ke2 Rhe8 40. Kd3 Qe7 41. Kc2 Rxe3 42. Bxe3 Qxe3 43. b4 Qe4+ 44. Qd3 Qxg2+ 45. Kb3 Re3 46. Qxe3 Qxf1 47. Qe6+ Kg5 48. Qe7+ Kg6 49. Qxd6+ Kh5 50. Qe5 Qd3+ 51. Kb2 g3 52. d6 Kg4 53. Qg7+ Kf3 54. d7 g2 55. Qe7 g1=Q 56. d8=Q Qgb1# 0-1


[Site "https://www.chess.com"]

[Event "Titled Tuesday Blitz May 30 Early 2023"]
[White "Nasir, Zehn"]
[Black "Sethuraman, S.P."]
[WhiteFideId "2613239"]
[BlackFideId "5021596"]
[WhiteElo "1993"]
[BlackElo "2543"]
[Result "0-1"]
[Round "05"]
[TimeControl "180+2"]
[Date "2023.05.30"]
[WhiteClock "0:00:23"]
[BlackClock "0:01:38"]

1. d4 d6 2. Bf4 g6 3. Nc3 Bg7 4. Nf3 Nf6 5. Qd2 a6 6. h4 h5 7. O-O-O b5 8. e3 Bb7 9. a3 Nbd7 10. Kb1 c5 11. dxc5 Nxc5 12. Bd3 Rc8 13. Rhe1 O-O 14. e4 Nxd3 15. Qxd3 Ng4 16. Rd2 Bxc3 17. bxc3 Qa5 18. Kb2 Rc4 19. Nd4 Rfc8 20. Nb3 Qc7 21. f3 Rxc3 22. Qe2 Ne5 23. Bxe5 dxe5 24. Red1 Kg7 25. g4 hxg4 26. fxg4 a5 27. h5 a4 28. Na1 Qc5 29. Rd7 Qxa3+ 30. Kb1 Qb4+ 31. Kc1 Ra3 32. h6+ Kh7 33. Nb3 axb3 34. Qf3 b2+ 35. Kb1 Ra1# 0-1


[Site "https://www.chess.com"]

[Event "Titled Tuesday Blitz May 30 Early 2023"]
[White "Janik, Igor"]
[Black "iHateNAJDORF"]
[WhiteFideId "1159259"]
[WhiteElo "2484"]
[BlackElo "2602"]
[Result "0-1"]
[Round "05"]
[TimeControl "180+2"]
[Date "2023.05.30"]
[WhiteClock "0:00:02"]
[BlackClock "0:00:05"]

1. d4 Nf6 2. c4 g6 3. g3 Bg7 4. Bg2 O-O 5. Nf3 d6 6. O-O Nc6 7. Nc3 Bg4 8. Ne1 Qd7 9. f3 Bh3 10. Bxh3 Qxh3 11. Nd3 Nd7 12. Nf2 Qh5 13. e3 e6 14. Bd2 Nb6 15. b3 d5 16. c5 Nd7 17. f4 Qxd1 18. Rfxd1 b6 19. cxb6 cxb6 20. Nd3 Rfc8 21. Rac1 Bf8 22. Rc2 Nb4 23. Nxb4 Bxb4 24. Rdc1 Ba3 25. Rb1 Bb4 26. Rbc1 Ba3 27. Rb1 Rc7 28. b4 Rc4 29. b5 Rac8 30. Rb3 Bb4 31. Kf2 Nf6 32. Ke2 Ne4 33. Kd3 Nf2+ 34. Ke2 Ne4 35. Kd3 Ba5 36. Be1 f5 37. h3 Kf7 38. a3 h6 39. Rc1 g5 40. Rc2 g4 41. h4 Kg6 42. Rc1 Kh5 43. Rc2 Bxc3 44. Bxc3 Nxg3 45. Ra2 Ne4 46. Bb4 g3 47. Rb1 Kg4 48. Rg1 Kf3 49. Rf1+ Nf2+ 50. Kd2 g2 51. Re1 Ne4+ 52. Kd3 Rc3+ 0-1


[Site "https://www.chess.com"]

[Event "Titled Tuesday Blitz May 30 Early 2023"]
[White "Bartel, Michal"]
[Black "Bryakin, Mikhail"]
[WhiteFideId "1119257"]
[BlackFideId "4165314"]
[WhiteElo "2282"]
[BlackElo "2467"]
[Result "0-1"]
[Round "05"]
[TimeControl "180+2"]
[Date "2023.05.30"]
[WhiteClock "0:00:00"]
[BlackClock "0:00:07"]

1. e4 Nf6 2. Nc3 d5 3. exd5 Nxd5 4. g3 Nxc3 5. bxc3 Qd5 6. Qf3 Qxf3 7. Nxf3 g6 8. Bg2 Bg7 9. Rb1 c6 10. Ba3 Nd7 11. O-O Nb6 12. Rfe1 e6 13. Nd4 Bd7 14. Nb3 Nc4 15. Bc1 b6 16. d3 Nd6 17. Bd2 Nb5 18. d4 Rc8 19. a4 Nd6 20. Bf4 Nf5 21. a5 O-O 22. axb6 axb6 23. Red1 Rfd8 24. Bg5 f6 25. Bf4 Bh6 26. Bxh6 Nxh6 27. Nd2 Rb8 28. Bh3 Kf7 29. Ne4 Ke7 30. Re1 Nf7 31. Nd2 e5 32. Bg2 Kf8 33. Nc4 b5 34. Na5 Rdc8 35. Nb3 Bf5 36. Re2 b4 37. cxb4 Rxb4 38. Rd1 Bg4 39. f3 Bf5 40. g4 Be6 41. Nc5 Bd5 42. c3 Rc4 43. Re3 exd4 44. cxd4 Kg7 45. f4 Rd8 46. Nb7 Rb8 47. Nc5 Bxg2 48. Kxg2 Rb2+ 49. Kg3 Rcc2 50. Ne6+ Kh6 51. h4 Rg2+ 52. Kf3 Rbf2+ 53. Ke4 Rxg4 54. Rc1 Rxh4 55. Rxc6 Ng5+ 56. Kd3 Nxe6 57. Rcxe6 Rfxf4 58. Rd6 Kg5 59. Rg3+ Rhg4 60. Re3 h5 61. d5 Rd4+ 62. Kc3 Rd1 63. Rd8 Rgd4 64. Rg3+ Kf5 65. Rf3+ Kg5 66. Rg3+ Kh6 67. Rg8 Rg4 68. Rf3 Rxd5 69. Rxf6 Rd7 70. Rff8 Kg5 71. Re8 Kh4 72. Re3 g5 73. Re6 Rg1 74. Rh6 Rc1+ 75. Kb2 Rc5 76. Rb6 g4 77. Rh8 g3 78. Rb4+ Kh3 79. Rg8 h4 80. Rh8 Kg2 81. Rhxh4 Rd2+ 82. Kb3 Rd3+ 83. Kb2 Rd2+ 84. Kb3 Rf2 85. Rhg4 Rf3+ 86. Kb2 Kf2 87. Rbd4 Re5 88. Kc1 Re1+ 89. Kd2 Re2+ 90. Kd1 Re8 91. Rd2+ Kf1 92. Rh4 g2 93. Kc2 g1=Q 94. Rd1+ Kf2 95. Rd2+ Re2 96. Rd4 Rxd2+ 97. Rxd2+ Kg3 98. Rd1 Qxd1+ 99. Kxd1 Rf2 0-1


[Site "https://www.chess.com"]

[Event "Titled Tuesday Blitz May 30 Early 2023"]
[White "Ambartsumova, Karina"]
[Black "Gorovets, Andrey"]
[WhiteFideId "4166299"]
[BlackFideId "13504037"]
[WhiteElo "2240"]
[BlackElo "2459"]
[Result "0-1"]
[Round "05"]
[TimeControl "180+2"]
[Date "2023.05.30"]
[WhiteClock "0:00:00"]
[BlackClock "0:00:05"]

1. Nf3 e6 2. c4 Nf6 3. Nc3 Bb4 4. Qc2 c5 5. a3 Ba5 6. e4 Nc6 7. e5 Ng4 8. Qe4 f5 9. exf6 Nxf6 10. Qh4 d5 11. Bd3 O-O 12. O-O h6 13. Re1 a6 14. b3 Qd6 15. Bb2 Bc7 16. Bg6 Bd7 17. Rad1 Ne7 18. Bc2 d4 19. Ne4 Nxe4 20. Bxe4 Nf5 21. Qh5 Rab8 22. d3 b5 23. Bc1 bxc4 24. bxc4 Ba5 25. g4 Be8 26. Qh3 Ne7 27. Rf1 Bg6 28. Bxg6 Nxg6 29. Bxh6 Rxf3 30. Qxf3 Rf8 31. Qe4 Nh4 32. f4 gxh6 33. Rf2 Bc7 34. Rdf1 Qd7 35. Kh1 Qf7 36. f5 exf5 37. Rxf5 Nxf5 38. gxf5 Qf6 39. Qb7 Rf7 40. Qc8+ Kh7 41. Rg1 Rg7 42. Rf1 Qe5 43. Rf2 Qe1+ 0-1


[Site "https://www.chess.com"]

[Event "Titled Tuesday Blitz May 30 Early 2023"]
[White "Ismagilov, Damir"]
[Black "Ilamparthi A R"]
[WhiteFideId "34199982"]
[BlackFideId "45015775"]
[WhiteElo "2143"]
[BlackElo "2348"]
[Result "0-1"]
[Round "05"]
[TimeControl "180+2"]
[Date "2023.05.30"]
[WhiteClock "0:00:04"]
[BlackClock "0:00:17"]

1. d4 Nf6 2. Bf4 g6 3. Nc3 d5 4. Qd2 Bg7 5. Bh6 Bxh6 6. Qxh6 c5 7. dxc5 d4 8. O-O-O Nc6 9. e3 e5 10. exd4 exd4 11. Nb5 Be6 12. Nd6+ Kd7 13. Bc4 Bxc4 14. Nxc4 Qe7 15. Nf3 Qxc5 16. Ncd2 d3 17. c3 Rad8 18. Qg7 Nd5 19. Qxf7+ Kc8 20. Qe6+ Kb8 21. Nb3 Qxf2 22. Rxd3 Nf4 23. Rxd8+ Rxd8 24. Qe4 Nd3+ 25. Kd1 Nc5+ 26. Qd4 Nxd4 27. Nbxd4 Qxg2 28. Re1 Qxf3+ 29. Kc2 Qd3+ 30. Kc1 Rxd4 31. cxd4 Ne4 32. Rd1 Qc4+ 33. Kb1 Kc7 34. d5 Kd6 35. a3 Qb3 36. Rc1 g5 37. Ka1 h5 38. h4 gxh4 39. Rh1 Qg3 40. Rd1 h3 41. Re1 h2 42. Ka2 Qxe1 43. Kb3 h1=Q 44. Kc4 0-1


[Site "https://www.chess.com"]

[Event "Titled Tuesday Blitz May 30 Early 2023"]
[White "Golubev, Mikhail"]
[Black "Yuan, Qingyu"]
[WhiteFideId "14100983"]
[BlackFideId "8609772"]
[WhiteElo "2374"]
[BlackElo "2359"]
[Result "0-1"]
[Round "05"]
[TimeControl "180+2"]
[Date "2023.05.30"]
[WhiteClock "0:00:00"]
[BlackClock "0:00:31"]

1. e4 e5 2. Nf3 Nc6 3. Bc4 Bc5 4. c3 Nf6 5. d4 exd4 6. cxd4 Bb4+ 7. Nbd2 Nxe4 8. d5 Ne7 9. O-O Nxd2 10. Nxd2 O-O 11. a3 Bc5 12. Ne4 d6 13. Re1 Ng6 14. Bg5 Qd7 15. h4 Bb6 16. h5 Ne5 17. Ba2 f5 18. Nc3 h6 19. Rxe5 dxe5 20. Be7 Re8 21. d6+ Kh8 22. Qd5 cxd6 23. Bxd6 a6 24. Rd1 Bd4 25. Ne2 Ba7 26. Qb3 Qe6 0-1


[Site "https://www.chess.com"]

[Event "Titled Tuesday Blitz May 30 Early 2023"]
[White "Papasimakopoulos, Alexandros"]
[Black "Terletsky, Oleg"]
[WhiteFideId "4244125"]
[BlackFideId "14116774"]
[WhiteElo "2359"]
[BlackElo "2084"]
[Result "1-0"]
[Round "05"]
[TimeControl "180+2"]
[Date "2023.05.30"]
[WhiteClock "0:02:31"]
[BlackClock "0:01:12"]

1. d4 Nf6 2. c4 g6 3. Nc3 Bg7 4. Bg5 O-O 5. e3 c5 6. d5 d6 7. Nf3 e6 8. Be2 exd5 9. cxd5 a6 10. a4 h6 11. Bh4 Re8 12. Nd2 Nbd7 13. O-O g5 14. Bg3 Ne5 15. Re1 Bf5 16. e4 Bg4 17. Bxe5 Bxe2 18. Bxf6 1-0


[Site "https://www.chess.com"]

[Event "Titled Tuesday Blitz May 30 Early 2023"]
[White "Budrewicz, Krzysztof"]
[Black "Simonian, Hrair"]
[WhiteFideId "1127950"]
[BlackFideId "13302337"]
[WhiteElo "2230"]
[BlackElo "2447"]
[Result "0-1"]
[Round "05"]
[TimeControl "180+2"]
[Date "2023.05.30"]
[WhiteClock "0:01:08"]
[BlackClock "0:01:55"]

1. d4 Nf6 2. c4 b6 3. Nc3 Bb7 4. f3 d5 5. cxd5 Nxd5 6. e4 Nxc3 7. bxc3 e6 8. Be3 Be7 9. Bb5+ c6 10. Bd3 O-O 11. Ne2 c5 12. O-O cxd4 13. cxd4 Nc6 14. a4 Rc8 15. f4 Nb4 16. f5 Nxd3 17. Qxd3 exf5 18. Rxf5 Re8 19. Raf1 Bf8 20. d5 Rc7 21. Nd4 Bc5 22. Kh1 Rce7 23. R5f4 Bxd5 24. Nf5 Rxe4 25. Bxc5 Rxf4 0-1


[Site "https://www.chess.com"]

[Event "Titled Tuesday Blitz May 30 Early 2023"]
[White "Romkachess"]
[Black "Boyer, Mahel"]
[BlackFideId "45102422"]
[WhiteElo "2562"]
[BlackElo "2439"]
[Result "0-1"]
[Round "05"]
[TimeControl "180+2"]
[Date "2023.05.30"]
[WhiteClock "0:00:02"]
[BlackClock "0:00:30"]

1. e4 Nc6 2. d4 d5 3. e5 Bf5 4. c3 e6 5. h4 f6 6. exf6 Nxf6 7. Bd3 Bxd3 8. Qxd3 Bd6 9. Bg5 e5 10. dxe5 Nxe5 11. Qe2 O-O 12. Nd2 h6 13. Be3 Nfg4 14. Bd4 c5 15. Bxe5 Nxe5 16. O-O-O Rxf2 17. Qb5 Qb6 18. Qxb6 axb6 19. Nh3 Rxg2 20. Nf4 Rf2 21. Nxd5 Rxa2 22. Nxb6 c4 23. Nd5 Nd3+ 24. Kb1 Rxb2+ 25. Ka1 Rfxd2 26. Rdf1 Ra2+ 27. Kb1 Rdb2# 0-1


[Site "https://www.chess.com"]

[Event "Titled Tuesday Blitz May 30 Early 2023"]
[White "ATM622"]
[Black "Aradhya, Garg"]
[BlackFideId "25006746"]
[WhiteElo "2554"]
[BlackElo "2263"]
[Result "0-1"]
[Round "05"]
[TimeControl "180+2"]
[Date "2023.05.30"]
[WhiteClock "0:00:56"]
[BlackClock "0:01:15"]

1. d4 d5 2. c4 c6 3. Nf3 Nf6 4. Nbd2 Bf5 5. Nh4 Be4 6. e3 e6 7. Be2 Nbd7 8. O-O Be7 9. b3 h6 10. Bb2 Bh7 11. Nhf3 O-O 12. Ne5 a5 13. f4 a4 14. Bd3 Bxd3 15. Nxd3 axb3 16. axb3 Qb6 17. f5 Rxa1 18. Qxa1 exf5 19. Rxf5 Re8 20. Ne5 Nxe5 21. Rxe5 Ng4 22. Rf5 Nxe3 23. Rf3 Nc2 24. c5 Bxc5 25. dxc5 Qxc5+ 26. Bd4 Nxd4 27. Rf2 Nc2 28. Qb2 Re2 0-1


[Site "https://www.chess.com"]

[Event "Titled Tuesday Blitz May 30 Early 2023"]
[White "Martic, Ivan"]
[Black "Samunenkov, Ihor"]
[WhiteFideId "929301"]
[BlackFideId "14187086"]
[WhiteElo "2360"]
[BlackElo "2457"]
[Result "1-0"]
[Round "05"]
[TimeControl "180+2"]
[Date "2023.05.30"]
[WhiteClock "0:00:11"]
[BlackClock "0:00:00"]

1. d4 Nf6 2. Bg5 e6 3. e3 d5 4. Nd2 c5 5. c3 Nbd7 6. f4 h6 7. Bh4 Bd6 8. Ngf3 cxd4 9. cxd4 Qb6 10. Bd3 Qxb2 11. O-O O-O 12. Ne5 b6 13. Rb1 Qa3 14. Ndc4 dxc4 15. Nxc4 Qa6 16. Nxd6 Qxa2 17. f5 Qd5 18. Bg3 e5 19. Nxc8 Raxc8 20. Rb5 Qc6 21. dxe5 Ne4 22. Qg4 Ndc5 23. f6 g6 24. Rxc5 Qxc5 25. Qxe4 Rfe8 26. Qf4 Kh7 27. h4 Rcd8 28. Be4 h5 29. Qg5 Kh8 30. Qh6+ 1-0


[Site "https://www.chess.com"]

[Event "Titled Tuesday Blitz May 30 Early 2023"]
[White "Shukhman, Anna"]
[Black "Harikrishnan.A.Ra"]
[WhiteFideId "54180058"]
[BlackFideId "5081483"]
[WhiteElo "2235"]
[BlackElo "2271"]
[Result "0-1"]
[Round "05"]
[TimeControl "180+2"]
[Date "2023.05.30"]
[WhiteClock "0:00:21"]
[BlackClock "0:00:34"]

1. e4 e5 2. Nf3 Nf6 3. Nxe5 d6 4. Nf3 Nxe4 5. Bd3 d5 6. O-O Bd6 7. Re1 O-O 8. Bxe4 dxe4 9. Rxe4 Re8 10. Rxe8+ Qxe8 11. d4 Bg4 12. Nbd2 Nc6 13. h3 Bh5 14. c3 Qe7 15. Nc4 Bxf3 16. gxf3 Re8 17. Nxd6 Qxd6 18. Be3 Ne7 19. Qd2 Nf5 20. Bf4 Qg6+ 21. Kh1 Qh5 22. Re1 Re6 23. Rxe6 fxe6 24. Kg2 Nh4+ 25. Kf1 Qxf3 26. Bg3 Nf5 27. Qg5 h6 28. Qg6 Ne3+ 0-1


[Site "https://www.chess.com"]

[Event "Titled Tuesday Blitz May 30 Early 2023"]
[White "Ronka, Erik"]
[Black "Oleksiyenko, Mykhaylo"]
[WhiteFideId "505080"]
[BlackFideId "4152417"]
[WhiteElo "2264"]
[BlackElo "2551"]
[Result "0-1"]
[Round "05"]
[TimeControl "180+2"]
[Date "2023.05.30"]
[WhiteClock "0:00:48"]
[BlackClock "0:01:07"]

1. e4 c5 2. Nf3 e6 3. Nc3 a6 4. d4 cxd4 5. Nxd4 b5 6. Bd3 Qb6 7. Nf3 Qc7 8. O-O Bb7 9. Re1 Be7 10. e5 f5 11. Bf4 Nh6 12. Qd2 Nc6 13. Rad1 O-O-O 14. Bxb5 axb5 15. Nxb5 Qa5 16. Nd6+ Bxd6 17. Qxd6 Nf7 18. Qd3 g5 19. Nxg5 Nxg5 20. Bxg5 Rdg8 21. Bf6 Rxg2+ 22. Kf1 Rhg8 0-1


[Site "https://www.chess.com"]